Long Beach Ice Dogs vs Tucson Roadrunners
Created - Sunday, February 16, 2025 at 09:15
Goals
|
| Long Beach Ice Dogs |
0 |
1 |
1 |
2 |
| Tucson Roadrunners |
1 |
3 |
1 |
5 |
|
Shots
|
| Long Beach Ice Dogs |
13 |
7 |
10 |
30 |
| Tucson Roadrunners |
4 |
15 |
3 |
22 |
|
1st period
1. Tucson Roadrunners , William Carrier 7 (Maxwell Crozier 1, Anthony Richard 11) at 7:12
Penalties :
Nick Seeler (TRR) for Roughing (Minor) at 17:44
2nd period
2. Tucson Roadrunners , William Carrier 8 (Anthony Richard 12) at 0:12 (SH)
3. Tucson Roadrunners , Brock McGinn 11 (Tyson Barrie 10, William Carrier 10) at 12:56
4. Tucson Roadrunners , William Carrier 9 (Anthony Richard 13, Tyson Barrie 11) at 14:08 (PP)
5. Long Beach Ice Dogs , Lias Andersson 9 (Arshdeep Bains 11, Tyler Tullio 5) at 16:27
Penalties :
Nick Seeler (TRR) for Hooking (Minor) at 0:03, Blake Lizotte (TRM) for Holding (Minor) at 13:54, Samuel Poulin (TRM) for Interference (Minor) at 18:13
3rd period
6. Tucson Roadrunners , Sheldon Dries 6 (Brock McGinn 13, Maxwell Crozier 2) at 5:35 (SH)
7. Long Beach Ice Dogs , Alex Goligoski 1 (Arshdeep Bains 12, Lias Andersson 8) at 6:25 (PP)
Penalties :
Owen Sillinger (TRR) for Interference (Minor) at 5:23, Anthony Richard (TRR) for Fighting (Major) at 6:26, Jack Finley (TRM) for Fighting (Major) at 6:26, Jack Finley (TRM) for instigated a fight (Minor) at 6:26, Jack Finley (TRM) for instigated a fight (10 Minutes Misconduct) at 6:26
Goalie Stats
Akira Schmid (TRM), 17 saves from 22 shots - (0.773), L, 5-2-0, 60:00 minutes
Carter Hart (TRR), 28 saves from 30 shots - (0.933), W, 5-1-0, 60:00 minutes
Players Stats for Long Beach Ice Dogs
Player Name G A P +/- PIM S H SB GA TA FO MP PP MP PK MP
------------------------------------------------------------------------------------
0 0 0 0 0 0 0 0 0 0 0/0 0:00 0:00 0:00
Alex Goligoski 1 0 1 -1 0 3 2 0 0 0 0/0 22:50 2:26 2:05
Antti Tuomisto 0 0 0 -1 0 1 0 1 0 0 0/0 15:20 0:00 0:00
Arber Xhekaj 0 0 0 -1 0 1 3 0 1 0 0/0 22:50 2:26 2:05
Arshdeep Bains 0 2 2 0 0 1 1 0 1 0 0/2 19:49 2:32 2:03
Blake Lizotte 0 0 0 -3 2 3 4 0 1 0 8/12 19:23 2:28 1:47
Jack Finley 0 0 0 0 17 0 1 0 0 0 7/7 9:06 0:00 0:00
Jimmy Vesey 0 0 0 -3 0 1 4 1 0 1 1/3 19:24 2:28 1:47
Leo Loof 0 0 0 -1 0 0 1 0 0 0 0/0 15:20 0:00 0:00
Lias Andersson 1 1 2 0 0 5 0 3 1 0 9/15 19:38 2:21 2:03
Marco Kasper 0 0 0 0 0 1 3 0 1 0 1/1 11:29 0:11 0:00
Matej Blumel 0 0 0 0 0 2 1 0 0 0 0/1 12:47 0:00 0:22
Noah Philp 0 0 0 0 0 1 3 0 1 0 0/0 9:38 0:11 0:00
Samuel Poulin 0 0 0 0 2 5 2 0 0 0 1/1 16:37 0:00 0:00
Shane Bowers 0 0 0 0 0 0 1 0 0 0 0/1 2:50 0:00 0:22
Trey Fix-Wolansky 0 0 0 -3 0 1 3 0 0 2 0/0 17:37 2:28 0:00
Tyler Tullio 0 1 1 0 0 2 0 0 0 0 0/0 17:27 2:21 0:00
William Lagesson 0 0 0 -1 0 2 1 3 0 0 0/0 21:50 2:34 2:07
Yan Kuznetsov 0 0 0 -1 0 1 2 1 1 3 0/0 21:50 2:34 2:07
Players Stats for Tucson Roadrunners
Player Name G A P +/- PIM S H SB GA TA FO MP PP MP PK MP
------------------------------------------------------------------------------------
0 0 0 0 0 0 0 0 0 0 0/0 0:00 0:00 0:00
Anthony Richard 0 3 3 3 5 3 0 0 0 0 3/14 20:09 1:03 2:19
Ben Jones 0 0 0 0 0 1 1 0 0 0 0/0 15:44 0:00 0:00
Brock McGinn 1 1 2 3 0 1 2 3 0 0 2/7 17:05 1:59 2:10
Gage Goncalves 0 0 0 0 0 3 2 0 1 1 1/7 16:42 0:20 0:21
Maksymilian Szuber 0 0 0 -1 0 0 0 0 0 0 0/0 16:18 0:00 2:00
Maxwell Crozier 0 2 2 3 0 0 1 0 0 0 0/0 20:29 1:59 2:36
Mike Hardman 0 0 0 0 0 1 4 0 0 2 0/0 16:37 0:00 0:31
Nick Seeler 0 0 0 1 4 0 0 5 1 1 0/0 22:04 2:13 0:20
Owen Sillinger 0 0 0 0 2 0 0 0 0 0 0/0 6:44 0:00 0:00
Robert Hagg 0 0 0 3 0 0 0 2 0 1 0/0 20:29 1:59 2:36
Samuel Knazko 0 0 0 0 0 0 0 0 0 0 0/0 7:17 0:00 0:04
Sheldon Dries 1 0 1 0 0 1 1 0 1 1 4/9 20:01 2:13 2:20
Steven Lorentz 0 0 0 -1 0 1 1 0 0 0 0/0 17:48 2:13 0:00
Topias Vilen 0 0 0 -1 0 1 0 1 0 0 0/0 15:06 0:00 0:00
Tyson Barrie 0 2 2 1 0 3 0 0 2 0 0/0 18:24 2:13 2:24
Walker Duehr 0 0 0 -1 0 3 0 0 1 1 0/0 17:48 2:13 0:00
William Carrier 3 1 4 3 0 4 2 0 0 0 5/5 21:10 1:59 2:19
Zach Dean 0 0 0 0 0 0 0 0 0 0 1/1 5:01 0:36 0:00
3 Stars
1 - William Carrier (TRR)
2 - Brock McGinn (TRR)
3 - Maxwell Crozier (TRR)
Power Play
Long Beach Ice Dogs - 1 on 3 Attempt(s) - 33.33%
Tucson Roadrunners - 1 on 3 Attempt(s) - 33.33%
Penalty Kill
Long Beach Ice Dogs - 2 on 3 Attempt(s) - 66.67%
- Score 0 goal in Penalty Kill
Tucson Roadrunners - 2 on 3 Attempt(s) - 66.67%
- Score 2 goal in Penalty Kill
Team Stat
Long Beach Ice Dogs - Hits : 32 - Faceoff Wins : 27 - Blocked Shots : 9 - Penalty Minutes : 21
Tucson Roadrunners - Hits : 14 - Faceoff Wins : 16 - Blocked Shots : 11 - Penalty Minutes : 11
Official
Referees : Kevin Pollock and Pierre Lambert
Linesman : Kiel Murchison and James Tobias
Game Notes
William Carrier has scored a Hat Trick!
Anthony Richard beats up Jack Finley at 6:26 of 3rd period
Long Beach Ice Dogs
5 vs 5 Forward
Center Left Wing Right Wing Time % Phy DF OF
1 Blake Lizotte Jimmy Vesey Trey Fix-Wolansky 30 1 2 2
2 Lias Andersson Arshdeep Bains Tyler Tullio 30 1 2 2
3 Jack Finley Matej Blumel Samuel Poulin 25 1 2 2
4 Samuel Poulin Marco Kasper Noah Philp 15 1 2 2
5 vs 5 Defense
Defense Defense Time % Phy DF OF
1 Alex Goligoski Arber Xhekaj 35 1 2 2
2 William Lagesson Yan Kuznetsov 35 1 2 2
3 Antti Tuomisto Leo Loof 30 1 2 2
4 Alex Goligoski Arber Xhekaj 0 1 2 2
PowerPlay Forward
Center Left Wing Right Wing Time % Phy DF OF
1 Blake Lizotte Jimmy Vesey Trey Fix-Wolansky 50 1 2 2
2 Lias Andersson Arshdeep Bains Tyler Tullio 50 1 2 2
PowerPlay Defense
Defense Defense Time % Phy DF OF
1 Alex Goligoski Arber Xhekaj 50 1 2 2
2 William Lagesson Yan Kuznetsov 50 1 2 2
Penalty Kill 4 Players Forward
Center Wing Time % Phy DF OF
1 Jimmy Vesey Blake Lizotte 50 1 2 2
2 Arshdeep Bains Lias Andersson 50 1 2 2
Penalty Kill 4 Players Defense
Defense Defense Time % Phy DF OF
1 Alex Goligoski Arber Xhekaj 50 1 2 2
2 William Lagesson Yan Kuznetsov 50 1 2 2
Penalty Kill - 3 Players Forward
Forward Time % Phy DF OF
1 Jimmy Vesey 50 1 2 2
2 Blake Lizotte 50 1 2 2
Penalty Kill - 3 Players Defense
Defense Defense Time % Phy DF OF
1 Alex Goligoski Arber Xhekaj 50 1 2 2
2 William Lagesson Yan Kuznetsov 50 1 2 2
4 vs 4 Forward
Center Wing Time % Phy DF OF
1 Jimmy Vesey Blake Lizotte 50 1 2 2
2 Arshdeep Bains Lias Andersson 50 1 2 2
4 vs 4 Defense
Defense Defense Time % Phy DF OF
1 Alex Goligoski Arber Xhekaj 50 1 2 2
2 William Lagesson Yan Kuznetsov 50 1 2 2
Last Minutes Offensive
Center Left Wing Right Wing Defense Defense
Blake Lizotte Jimmy Vesey Trey Fix-Wolansky Alex Goligoski Arber Xhekaj
Last Minutes Defensive
Center Left Wing Right Wing Defense Defense
Blake Lizotte Jimmy Vesey Trey Fix-Wolansky Alex Goligoski Arber Xhekaj
Goaltenders
Starting : Akira Schmid
Backup : Unknown Goalie
Extra Forwards
Normal : Marco Kasper, Noah Philp, Shane Bowers - PP : Marco Kasper, Noah Philp - PK : Shane Bowers
Extra Defensemen
Normal : Antti Tuomisto, Leo Loof, William Lagesson - PP : Antti Tuomisto - PK : Leo Loof, William Lagesson
Penalty Shots
Jimmy Vesey, Blake Lizotte, Arshdeep Bains, Lias Andersson, Jack Finley
Scratches
Michael DiPietro (Healthy), Jack Campbell (Healthy)
Tucson Roadrunners
5 vs 5 Forward
Center Left Wing Right Wing Time % Phy DF OF
1 Anthony Richard William Carrier Brock McGinn 30 1 2 2
2 Sheldon Dries Walker Duehr Steven Lorentz 30 1 2 2
3 Gage Goncalves Mike Hardman Ben Jones 25 1 2 2
4 Owen Sillinger William Carrier Anthony Richard 15 1 2 2
5 vs 5 Defense
Defense Defense Time % Phy DF OF
1 Nick Seeler Tyson Barrie 30 1 2 2
2 Maxwell Crozier Robert Hagg 30 1 2 2
3 Topias Vilen Maksymilian Szuber 25 1 2 2
4 Samuel Knazko Nick Seeler 15 1 2 2
PowerPlay Forward
Center Left Wing Right Wing Time % Phy DF OF
1 Anthony Richard William Carrier Brock McGinn 50 1 2 2
2 Sheldon Dries Walker Duehr Steven Lorentz 50 1 2 2
PowerPlay Defense
Defense Defense Time % Phy DF OF
1 Nick Seeler Tyson Barrie 50 1 2 2
2 Maxwell Crozier Robert Hagg 50 1 2 2
Penalty Kill 4 Players Forward
Center Wing Time % Phy DF OF
1 William Carrier Anthony Richard 50 1 2 2
2 Brock McGinn Sheldon Dries 50 1 2 2
Penalty Kill 4 Players Defense
Defense Defense Time % Phy DF OF
1 Nick Seeler Tyson Barrie 50 1 2 2
2 Maxwell Crozier Robert Hagg 50 1 2 2
Penalty Kill - 3 Players Forward
Forward Time % Phy DF OF
1 William Carrier 50 1 2 2
2 Anthony Richard 50 1 2 2
Penalty Kill - 3 Players Defense
Defense Defense Time % Phy DF OF
1 Nick Seeler Tyson Barrie 50 1 2 2
2 Maxwell Crozier Robert Hagg 50 1 2 2
4 vs 4 Forward
Center Wing Time % Phy DF OF
1 William Carrier Anthony Richard 50 1 2 2
2 Brock McGinn Sheldon Dries 50 1 2 2
4 vs 4 Defense
Defense Defense Time % Phy DF OF
1 Nick Seeler Tyson Barrie 50 1 2 2
2 Maxwell Crozier Robert Hagg 50 1 2 2
Last Minutes Offensive
Center Left Wing Right Wing Defense Defense
Anthony Richard William Carrier Brock McGinn Nick Seeler Tyson Barrie
Last Minutes Defensive
Center Left Wing Right Wing Defense Defense
Anthony Richard William Carrier Brock McGinn Nick Seeler Tyson Barrie
Goaltenders
Starting : Carter Hart
Backup : Hunter Shepard
Extra Forwards
Normal : Zach Dean, Gage Goncalves, Mike Hardman - PP : Zach Dean, Gage Goncalves - PK : Mike Hardman
Extra Defensemen
Normal : Topias Vilen, Maksymilian Szuber, Samuel Knazko - PP : Topias Vilen - PK : Maksymilian Szuber, Samuel Knazko
Penalty Shots
William Carrier, Anthony Richard, Brock McGinn, Sheldon Dries, Walker Duehr
Scratches
Ondrej Pavel (Healthy), Jack Matier (Healthy), Lleyton Moore (Healthy), Tanner Dickinson (Healthy), Chase Wheatcroft (Healthy)
Trevor Kuntar (Healthy), Hunter Drew (Healthy), Magnus Chrona (Healthy), Georgi Romanov (Healthy), Kevin Mandolese (Healthy)
Kaapo Kahkonen (Healthy), Arturs Silovs (Healthy)
% Time on Ice - Long Beach Ice Dogs
Lines # - Real PCT - Wanted PCT - Time Play
Normal Forward
1 - 30% - 30% - 15:09
2 - 30% - 30% - 15:14
3 - 24% - 25% - 12:25
4 - 16% - 15% - 8:00
Normal Defense
1 - 36% - 35% - 18:17
2 - 34% - 35% - 17:09
3 - 30% - 30% - 15:20
4 - 0% - 0% - 0:02
PP Forward
1 - 49% - 50% - 2:28
2 - 51% - 50% - 2:32
PP Defense
1 - 49% - 50% - 2:26
2 - 51% - 50% - 2:34
PK Forward
1 - 51% - 50% - 2:09
2 - 49% - 50% - 2:03
PK Defense
1 - 50% - 50% - 2:05
2 - 50% - 50% - 2:07
PK3 Forward
1 - 0% - 50%
2 - 0% - 50%
PK3 Defense
1 - 0% - 50%
2 - 0% - 50%
44 Forward
1 - 0% - 50%
2 - 0% - 50%
44 Defense
1 - 0% - 50%
2 - 0% - 50%
Last Minute Offensive - 0:00
Last Minute Defensive - 0:00
Total
Forward - 60:00
Defense - 60:00
|
% Time on Ice - Tucson Roadrunners
Lines # - Real PCT - Wanted PCT - Time Play
Normal Forward
1 - 25% - 30% - 12:44
2 - 31% - 30% - 15:35
3 - 31% - 25% - 15:44
4 - 13% - 15% - 6:45
Normal Defense
1 - 27% - 30% - 13:47
2 - 31% - 30% - 15:54
3 - 28% - 25% - 14:02
4 - 14% - 15% - 7:05
PP Forward
1 - 47% - 50% - 1:59
2 - 53% - 50% - 2:13
PP Defense
1 - 53% - 50% - 2:13
2 - 47% - 50% - 1:59
PK Forward
1 - 53% - 50% - 2:40
2 - 47% - 50% - 2:20
PK Defense
1 - 48% - 50% - 2:24
2 - 52% - 50% - 2:36
PK3 Forward
1 - 0% - 50%
2 - 0% - 50%
PK3 Defense
1 - 0% - 50%
2 - 0% - 50%
44 Forward
1 - 0% - 50%
2 - 0% - 50%
44 Defense
1 - 0% - 50%
2 - 0% - 50%
Last Minute Offensive - 0:00
Last Minute Defensive - 0:00
Total
Forward - 60:00
Defense - 60:00
|
Play-by-Play
1st period
0:01 of 1st period - Blake Lizotte wins face-off versus Brock McGinn in neutral zone.
0:04 of 1st period - Brock McGinn is hit by Blake Lizotte and loses puck.
0:15 of 1st period - Snap shot by Blake Lizotte.
0:15 of 1st period - Stopped by Carter Hart without a rebound.
0:16 of 1st period - Lias Andersson wins face-off versus Sheldon Dries in Tucson Roadrunners zone.
0:21 of 1st period - Snap shot by Lias Andersson.
0:21 of 1st period - Shot Misses the Net.
0:23 of 1st period - Wrist shot by Lias Andersson.
0:23 of 1st period - Deflect By Arshdeep Bains.
0:23 of 1st period - Stopped by Carter Hart without a rebound.
0:24 of 1st period - Lias Andersson wins face-off versus Sheldon Dries in Tucson Roadrunners zone.
1:02 of 1st period - Icing by Yan Kuznetsov.
1:03 of 1st period - Jack Finley wins face-off versus Anthony Richard in Long Beach Ice Dogs zone.
1:41 of 1st period - Backhand shot by Trey Fix-Wolansky.
1:41 of 1st period - Shot Misses the Net.
3:30 of 1st period - Slapshot by Matej Blumel.
3:30 of 1st period - Stopped by Carter Hart with a rebound.
3:42 of 1st period - Mike Hardman is hit by Trey Fix-Wolansky and loses puck.
4:13 of 1st period - Marco Kasper is hit by Brock McGinn and loses puck.
4:28 of 1st period - Robert Hagg is hit by Blake Lizotte and loses puck.
4:57 of 1st period - Lias Andersson is hit by Steven Lorentz and loses puck.
5:08 of 1st period - Brock McGinn is hit by Arber Xhekaj and loses puck.
6:30 of 1st period - Off-side.
6:31 of 1st period - Blake Lizotte wins face-off versus Brock McGinn in neutral zone.
6:38 of 1st period - Slapshot by Jimmy Vesey.
6:38 of 1st period - Stopped by Carter Hart without a rebound.
6:39 of 1st period - Sheldon Dries wins face-off versus Blake Lizotte in Tucson Roadrunners zone.
7:06 of 1st period - Snap shot by Anthony Richard.
7:06 of 1st period - Stopped by Akira Schmid with a rebound.
7:12 of 1st period - Snap shot by William Carrier.
7:12 of 1st period - Goal by William Carrier - Long Beach Ice Dogs : 0 - Tucson Roadrunners : 1.
7:13 of 1st period - Anthony Richard wins face-off versus Lias Andersson in neutral zone.
8:34 of 1st period - Snap shot by Mike Hardman.
8:34 of 1st period - Stopped by Akira Schmid with a rebound.
9:23 of 1st period - Wrist shot by Lias Andersson.
9:23 of 1st period - Stopped by Carter Hart with a rebound.
10:05 of 1st period - Arber Xhekaj is hit by William Carrier and loses puck.
11:16 of 1st period - Snap shot by Gage Goncalves.
11:16 of 1st period - Stopped by Akira Schmid without a rebound.
11:17 of 1st period - Jack Finley wins face-off versus Anthony Richard in Long Beach Ice Dogs zone.
11:47 of 1st period - Wrist shot by Lias Andersson.
11:47 of 1st period - Shot Blocked by Nick Seeler.
15:04 of 1st period - Brock McGinn is hit by William Lagesson and loses puck.
15:21 of 1st period - Snap shot by Arshdeep Bains.
15:21 of 1st period - Shot Misses the Net.
15:23 of 1st period - Slapshot by William Lagesson.
15:23 of 1st period - Shot Blocked by Nick Seeler.
15:25 of 1st period - Slapshot by William Lagesson.
15:25 of 1st period - Shot Misses the Net.
15:27 of 1st period - Slapshot by William Lagesson.
15:27 of 1st period - Stopped by Carter Hart with a rebound.
16:17 of 1st period - Brock McGinn is hit by Noah Philp and loses puck.
16:48 of 1st period - Icing by Lias Andersson.
16:49 of 1st period - Lias Andersson wins face-off versus Gage Goncalves in Long Beach Ice Dogs zone.
16:54 of 1st period - Mike Hardman is hit by Trey Fix-Wolansky and loses puck.
17:03 of 1st period - Slapshot by Blake Lizotte.
17:03 of 1st period - Stopped by Carter Hart without a rebound.
17:04 of 1st period - Sheldon Dries wins face-off versus Matej Blumel in Tucson Roadrunners zone.
17:11 of 1st period - Wrist shot by Matej Blumel.
17:11 of 1st period - Shot Misses the Net.
17:13 of 1st period - Snap shot by Matej Blumel.
17:13 of 1st period - Stopped by Carter Hart with a rebound.
17:15 of 1st period - Slapshot by Alex Goligoski.
17:15 of 1st period - Stopped by Carter Hart without a rebound.
17:16 of 1st period - Jack Finley wins face-off versus Anthony Richard in Tucson Roadrunners zone.
17:17 of 1st period - Wrist shot by Samuel Poulin.
17:17 of 1st period - Stopped by Carter Hart with a rebound.
17:19 of 1st period - Slapshot by Samuel Poulin.
17:19 of 1st period - Shot Misses the Net.
17:21 of 1st period - Wrist shot by Jack Finley.
17:21 of 1st period - Shot Blocked by Nick Seeler.
17:23 of 1st period - Snap shot by Alex Goligoski.
17:23 of 1st period - Shot Misses the Net.
17:25 of 1st period - Slapshot by Matej Blumel.
17:25 of 1st period - Shot Blocked by Brock McGinn.
17:27 of 1st period - Wrist shot by Jack Finley.
17:27 of 1st period - Deflect By Samuel Poulin.
17:27 of 1st period - Stopped by Carter Hart without a rebound.
17:28 of 1st period - Lias Andersson wins face-off versus Anthony Richard in Tucson Roadrunners zone.
17:33 of 1st period - Snap shot by Lias Andersson.
17:33 of 1st period - Shot Misses the Net.
17:35 of 1st period - Slapshot by William Lagesson.
17:35 of 1st period - Stopped by Carter Hart with a rebound.
17:37 of 1st period - Slapshot by William Lagesson.
17:37 of 1st period - Shot Blocked by Nick Seeler.
17:39 of 1st period - Slapshot by Yan Kuznetsov.
17:39 of 1st period - Stopped by Carter Hart with a rebound.
17:44 of 1st period - Minor Penalty to Nick Seeler for Roughing.
17:45 of 1st period - William Carrier wins face-off versus Blake Lizotte in Tucson Roadrunners zone.
19:39 of 1st period - William Carrier is hit by Yan Kuznetsov and loses puck.
19:44 of 1st period - Penalty to Nick Seeler is over, Nick Seeler is back on ice.
19:54 of 1st period - Mike Hardman is hit by Samuel Poulin and loses puck.
Goals for this period are 0 for Long Beach Ice Dogs vs 1 for Tucson Roadrunners.
Shots for this period are 13 for Long Beach Ice Dogs vs 4 for Tucson Roadrunners.
2nd period
0:01 of 2nd period - William Carrier wins face-off versus Arshdeep Bains in neutral zone.
0:03 of 2nd period - Minor Penalty to Nick Seeler for Hooking.
0:04 of 2nd period - William Carrier wins face-off versus Jimmy Vesey in Tucson Roadrunners zone.
0:08 of 2nd period - Slapshot by William Carrier.
0:08 of 2nd period - Stopped by Akira Schmid with a rebound.
0:10 of 2nd period - Snap shot by Anthony Richard.
0:10 of 2nd period - Shot Misses the Net.
0:12 of 2nd period - Snap shot by William Carrier.
0:12 of 2nd period - Goal by William Carrier - Long Beach Ice Dogs : 0 - Tucson Roadrunners : 2.
0:13 of 2nd period - Lias Andersson wins face-off versus Brock McGinn in neutral zone.
0:20 of 2nd period - Slapshot by Arshdeep Bains.
0:20 of 2nd period - Shot Misses the Net.
0:22 of 2nd period - Wrist shot by Tyler Tullio.
0:22 of 2nd period - Deflect By Lias Andersson.
0:22 of 2nd period - Stopped by Carter Hart with a rebound.
0:24 of 2nd period - Snap shot by Arshdeep Bains.
0:24 of 2nd period - Shot Blocked by Brock McGinn.
0:26 of 2nd period - Snap shot by Tyler Tullio.
0:26 of 2nd period - Stopped by Carter Hart with a rebound.
0:28 of 2nd period - Slapshot by Tyler Tullio.
0:28 of 2nd period - Stopped by Carter Hart with a rebound.
1:48 of 2nd period - Lias Andersson is hit by Mike Hardman.
2:03 of 2nd period - Penalty to Nick Seeler is over, Nick Seeler is back on ice.
2:28 of 2nd period - Alex Goligoski is hit by Mike Hardman and loses puck.
2:59 of 2nd period - Slapshot by Gage Goncalves.
2:59 of 2nd period - Stopped by Akira Schmid with a rebound.
3:32 of 2nd period - Icing by Sheldon Dries.
3:33 of 2nd period - Sheldon Dries wins face-off versus Shane Bowers in Tucson Roadrunners zone.
3:33 of 2nd period - Sheldon Dries is hit by Marco Kasper.
4:15 of 2nd period - Wrist shot by Walker Duehr.
4:15 of 2nd period - Stopped by Akira Schmid with a rebound.
4:17 of 2nd period - Slapshot by Walker Duehr.
4:17 of 2nd period - Stopped by Akira Schmid with a rebound.
4:19 of 2nd period - Snap shot by Walker Duehr.
4:19 of 2nd period - Shot Misses the Net.
4:21 of 2nd period - Wrist shot by Steven Lorentz.
4:21 of 2nd period - Stopped by Akira Schmid without a rebound.
4:22 of 2nd period - Lias Andersson wins face-off versus Gage Goncalves in Long Beach Ice Dogs zone.
4:33 of 2nd period - Wrist shot by Ben Jones.
4:33 of 2nd period - Deflect By Gage Goncalves.
4:33 of 2nd period - Shot Misses the Net.
4:33 of 2nd period - Puck is out of play.
4:34 of 2nd period - Blake Lizotte wins face-off versus Anthony Richard in Long Beach Ice Dogs zone.
5:23 of 2nd period - Snap shot by Ben Jones.
5:23 of 2nd period - Stopped by Akira Schmid without a rebound.
5:24 of 2nd period - Jack Finley wins face-off versus Gage Goncalves in Long Beach Ice Dogs zone.
5:28 of 2nd period - Off-side.
5:29 of 2nd period - Blake Lizotte wins face-off versus Anthony Richard in neutral zone.
5:32 of 2nd period - Anthony Richard is hit by Jimmy Vesey and loses puck.
5:55 of 2nd period - Nick Seeler is hit by Arshdeep Bains and loses puck.
6:35 of 2nd period - William Carrier is hit by Noah Philp and loses puck.
7:35 of 2nd period - Snap shot by Gage Goncalves.
7:35 of 2nd period - Shot Misses the Net.
7:37 of 2nd period - Wrist shot by Maksymilian Szuber.
7:37 of 2nd period - Shot Blocked by William Lagesson.
7:39 of 2nd period - Slapshot by Maksymilian Szuber.
7:39 of 2nd period - Deflect By Gage Goncalves.
7:39 of 2nd period - Stopped by Akira Schmid with a rebound.
7:49 of 2nd period - Wrist shot by Steven Lorentz.
7:49 of 2nd period - Shot Blocked by William Lagesson.
7:51 of 2nd period - Wrist shot by Walker Duehr.
7:51 of 2nd period - Stopped by Akira Schmid with a rebound.
9:08 of 2nd period - Wrist shot by Marco Kasper.
9:08 of 2nd period - Shot Misses the Net.
9:25 of 2nd period - Off-side.
9:26 of 2nd period - Blake Lizotte wins face-off versus Anthony Richard in neutral zone.
9:31 of 2nd period - Backhand shot by Arber Xhekaj.
9:31 of 2nd period - Shot Misses the Net.
9:51 of 2nd period - Walker Duehr is hit by Arber Xhekaj and loses puck.
10:41 of 2nd period - Icing by Maksymilian Szuber.
10:42 of 2nd period - Lias Andersson wins face-off versus Brock McGinn in Tucson Roadrunners zone.
11:11 of 2nd period - Nick Seeler is hit by Samuel Poulin and loses puck.
11:19 of 2nd period - Off-side.
11:20 of 2nd period - Blake Lizotte wins face-off versus Gage Goncalves in neutral zone.
11:28 of 2nd period - Off-side.
11:29 of 2nd period - Gage Goncalves wins face-off versus Lias Andersson in neutral zone.
12:00 of 2nd period - Snap shot by Blake Lizotte.
12:00 of 2nd period - Stopped by Carter Hart with a rebound.
12:30 of 2nd period - Gage Goncalves is hit by Marco Kasper and loses puck.
12:37 of 2nd period - Samuel Poulin is hit by Gage Goncalves and loses puck.
12:48 of 2nd period - Wrist shot by Mike Hardman.
12:48 of 2nd period - Shot Misses the Net.
12:50 of 2nd period - Slapshot by Robert Hagg.
12:50 of 2nd period - Deflect By Gage Goncalves.
12:50 of 2nd period - Shot Blocked by Yan Kuznetsov.
12:50 of 2nd period - Puck is out of play.
12:51 of 2nd period - William Carrier wins face-off versus Lias Andersson in Long Beach Ice Dogs zone.
12:56 of 2nd period - Wrist shot by Brock McGinn.
12:56 of 2nd period - Goal by Brock McGinn - Long Beach Ice Dogs : 0 - Tucson Roadrunners : 3.
12:57 of 2nd period - Lias Andersson wins face-off versus Anthony Richard in neutral zone.
13:06 of 2nd period - Snap shot by Lias Andersson.
13:06 of 2nd period - Shot Blocked by Nick Seeler.
13:26 of 2nd period - Off-side.
13:27 of 2nd period - Blake Lizotte wins face-off versus Sheldon Dries in neutral zone.
13:40 of 2nd period - Wrist shot by Steven Lorentz.
13:40 of 2nd period - Shot Blocked by Jimmy Vesey.
13:54 of 2nd period - Minor Penalty to Blake Lizotte for Holding.
13:55 of 2nd period - Anthony Richard wins face-off versus Arshdeep Bains in Long Beach Ice Dogs zone.
14:04 of 2nd period - Slapshot by Tyson Barrie.
14:04 of 2nd period - Stopped by Akira Schmid with a rebound.
14:06 of 2nd period - Snap shot by Anthony Richard.
14:06 of 2nd period - Stopped by Akira Schmid with a rebound.
14:08 of 2nd period - Wrist shot by William Carrier.
14:08 of 2nd period - Goal by William Carrier - Long Beach Ice Dogs : 0 - Tucson Roadrunners : 4.
14:09 of 2nd period - Anthony Richard wins face-off versus Lias Andersson in neutral zone.
14:16 of 2nd period - Slapshot by Tyson Barrie.
14:16 of 2nd period - Stopped by Akira Schmid with a rebound.
14:18 of 2nd period - Snap shot by Anthony Richard.
14:18 of 2nd period - Shot Blocked by Lias Andersson.
14:20 of 2nd period - Snap shot by Anthony Richard.
14:20 of 2nd period - Stopped by Akira Schmid with a rebound.
14:22 of 2nd period - Wrist shot by Anthony Richard.
14:22 of 2nd period - Shot Blocked by Antti Tuomisto.
14:24 of 2nd period - Wrist shot by Anthony Richard.
14:24 of 2nd period - Shot Misses the Net.
14:34 of 2nd period - Sheldon Dries is hit by Jack Finley and loses puck.
14:39 of 2nd period - Slapshot by Alex Goligoski.
14:39 of 2nd period - Shot Misses the Net.
14:41 of 2nd period - Wrist shot by Samuel Poulin.
14:41 of 2nd period - Stopped by Carter Hart with a rebound.
14:43 of 2nd period - Slapshot by Alex Goligoski.
14:43 of 2nd period - Shot Misses the Net.
14:45 of 2nd period - Slapshot by Arber Xhekaj.
14:45 of 2nd period - Stopped by Carter Hart with a rebound.
14:54 of 2nd period - Tyson Barrie is hit by Blake Lizotte and loses puck.
15:03 of 2nd period - Blake Lizotte is hit by Gage Goncalves and loses puck.
15:36 of 2nd period - Tyson Barrie is hit by Matej Blumel and loses puck.
16:02 of 2nd period - Wrist shot by Blake Lizotte.
16:02 of 2nd period - Shot Misses the Net.
16:25 of 2nd period - Wrist shot by Arshdeep Bains.
16:25 of 2nd period - Shot Misses the Net.
16:27 of 2nd period - Slapshot by Lias Andersson.
16:27 of 2nd period - Goal by Lias Andersson - Long Beach Ice Dogs : 1 - Tucson Roadrunners : 4.
16:28 of 2nd period - Jack Finley wins face-off versus Anthony Richard in neutral zone.
16:31 of 2nd period - Wrist shot by Matej Blumel.
16:31 of 2nd period - Shot Blocked by Robert Hagg.
16:33 of 2nd period - Snap shot by Jack Finley.
16:33 of 2nd period - Shot Blocked by Brock McGinn.
16:35 of 2nd period - Wrist shot by Samuel Poulin.
16:35 of 2nd period - Shot Misses the Net.
16:43 of 2nd period - Wrist shot by Jack Finley.
16:43 of 2nd period - Shot Misses the Net.
17:45 of 2nd period - Slapshot by Blake Lizotte.
17:45 of 2nd period - Shot Misses the Net.
17:56 of 2nd period - Off-side.
17:57 of 2nd period - Sheldon Dries wins face-off versus Lias Andersson in neutral zone.
18:10 of 2nd period - Snap shot by Walker Duehr.
18:10 of 2nd period - Deflect By Steven Lorentz.
18:10 of 2nd period - Shot Misses the Net.
18:10 of 2nd period - Puck is out of play.
18:11 of 2nd period - Jack Finley wins face-off versus Anthony Richard in Long Beach Ice Dogs zone.
18:13 of 2nd period - Minor Penalty to Samuel Poulin for Interference.
18:14 of 2nd period - Jimmy Vesey wins face-off versus Sheldon Dries in Long Beach Ice Dogs zone.
18:20 of 2nd period - Slapshot by William Lagesson.
18:20 of 2nd period - Shot Misses the Net.
18:44 of 2nd period - Wrist shot by Anthony Richard.
18:44 of 2nd period - Shot Misses the Net.
18:48 of 2nd period - Slapshot by Anthony Richard.
18:48 of 2nd period - Shot Blocked by Lias Andersson.
18:50 of 2nd period - Snap shot by Robert Hagg.
18:50 of 2nd period - Shot Blocked by William Lagesson.
Goals for this period are 1 for Long Beach Ice Dogs vs 3 for Tucson Roadrunners.
Shots for this period are 7 for Long Beach Ice Dogs vs 15 for Tucson Roadrunners.
3rd period
0:01 of 3rd period - Blake Lizotte wins face-off versus Sheldon Dries in neutral zone.
0:13 of 3rd period - Penalty to Samuel Poulin is over, Samuel Poulin is back on ice.
0:31 of 3rd period - Slapshot by Tyson Barrie.
0:31 of 3rd period - Stopped by Akira Schmid with a rebound.
0:49 of 3rd period - Brock McGinn is hit by Alex Goligoski and loses puck.
0:58 of 3rd period - Slapshot by Alex Goligoski.
0:58 of 3rd period - Shot Misses the Net.
1:00 of 3rd period - Slapshot by Noah Philp.
1:00 of 3rd period - Stopped by Carter Hart with a rebound.
1:10 of 3rd period - Nick Seeler is hit by Arber Xhekaj and loses puck.
1:19 of 3rd period - Alex Goligoski is hit by Ben Jones and loses puck.
1:32 of 3rd period - Snap shot by Jack Finley.
1:32 of 3rd period - Shot Misses the Net.
1:38 of 3rd period - Jack Finley is hit by Sheldon Dries and loses puck.
1:59 of 3rd period - Snap shot by Jimmy Vesey.
1:59 of 3rd period - Shot Misses the Net.
2:01 of 3rd period - Snap shot by Trey Fix-Wolansky.
2:01 of 3rd period - Deflect By Mike Hardman.
2:01 of 3rd period - Stopped by Carter Hart with a rebound.
4:04 of 3rd period - Sheldon Dries is hit by Trey Fix-Wolansky.
5:23 of 3rd period - Minor Penalty to Owen Sillinger for Interference.
5:24 of 3rd period - Brock McGinn wins face-off versus Blake Lizotte in Tucson Roadrunners zone.
5:35 of 3rd period - Wrist shot by Sheldon Dries.
5:35 of 3rd period - Goal by Sheldon Dries - Long Beach Ice Dogs : 1 - Tucson Roadrunners : 5.
5:36 of 3rd period - William Carrier wins face-off versus Lias Andersson in neutral zone.
5:39 of 3rd period - Slapshot by Tyson Barrie.
5:39 of 3rd period - Shot Blocked by Lias Andersson.
5:51 of 3rd period - Slapshot by Lias Andersson.
5:51 of 3rd period - Stopped by Carter Hart without a rebound.
5:52 of 3rd period - Brock McGinn wins face-off versus Blake Lizotte in Tucson Roadrunners zone.
6:17 of 3rd period - Lias Andersson is hit by Brock McGinn.
6:21 of 3rd period - Snap shot by Lias Andersson.
6:21 of 3rd period - Stopped by Carter Hart without a rebound.
6:22 of 3rd period - Lias Andersson wins face-off versus Brock McGinn in Tucson Roadrunners zone.
6:25 of 3rd period - Slapshot by Alex Goligoski.
6:25 of 3rd period - Goal by Alex Goligoski - Long Beach Ice Dogs : 2 - Tucson Roadrunners : 5.
6:26 of 3rd period - Jack Finley wins face-off versus Anthony Richard in neutral zone.
6:26 of 3rd period - Anthony Richard beats up Jack Finley.
6:26 of 3rd period - Penalty to Anthony Richard for Fighting.
6:26 of 3rd period - Penalty to Jack Finley for Fighting.
6:26 of 3rd period - Penalty to Jack Finley for instigated a fight.
6:26 of 3rd period - Penalty to Jack Finley for instigated a fight.
6:27 of 3rd period - Zach Dean wins face-off versus Jimmy Vesey in neutral zone.
7:31 of 3rd period - Jimmy Vesey is hit by William Carrier and loses puck.
8:10 of 3rd period - Steven Lorentz is hit by Shane Bowers and loses puck.
8:26 of 3rd period - Penalty to Jack Finley is over, Jimmy Vesey is send on ice.
8:36 of 3rd period - Slapshot by Alex Goligoski.
8:36 of 3rd period - Stopped by Carter Hart without a rebound.
8:37 of 3rd period - Samuel Poulin wins face-off versus Gage Goncalves in Tucson Roadrunners zone.
8:40 of 3rd period - Wrist shot by Marco Kasper.
8:40 of 3rd period - Stopped by Carter Hart with a rebound.
8:42 of 3rd period - Wrist shot by Noah Philp.
8:42 of 3rd period - Shot Misses the Net.
8:44 of 3rd period - Wrist shot by Leo Loof.
8:44 of 3rd period - Shot Blocked by Topias Vilen.
8:46 of 3rd period - Backhand shot by Antti Tuomisto.
8:46 of 3rd period - Stopped by Carter Hart with a rebound.
8:48 of 3rd period - Wrist shot by Samuel Poulin.
8:48 of 3rd period - Stopped by Carter Hart with a rebound.
8:52 of 3rd period - Snap shot by Samuel Poulin.
8:52 of 3rd period - Stopped by Carter Hart with a rebound.
9:29 of 3rd period - Nick Seeler is hit by Yan Kuznetsov and loses puck.
10:14 of 3rd period - Alex Goligoski is hit by Mike Hardman and loses puck.
10:37 of 3rd period - Owen Sillinger is hit by Noah Philp and loses puck.
10:50 of 3rd period - Walker Duehr is hit by Blake Lizotte and loses puck.
11:11 of 3rd period - Arshdeep Bains is hit by Mike Hardman.
13:54 of 3rd period - Icing by Jimmy Vesey.
13:55 of 3rd period - Marco Kasper wins face-off versus Gage Goncalves in Long Beach Ice Dogs zone.
14:24 of 3rd period - Wrist shot by Anthony Richard.
14:24 of 3rd period - Shot Hit the Post.
14:26 of 3rd period - Snap shot by Topias Vilen.
14:26 of 3rd period - Stopped by Akira Schmid with a rebound.
14:28 of 3rd period - Snap shot by Brock McGinn.
14:28 of 3rd period - Shot Misses the Net.
15:02 of 3rd period - Sheldon Dries is hit by Jimmy Vesey and loses puck.
15:17 of 3rd period - Snap shot by Marco Kasper.
15:17 of 3rd period - Shot Blocked by Robert Hagg.
15:52 of 3rd period - Topias Vilen is hit by Marco Kasper and loses puck.
16:49 of 3rd period - Snap shot by Anthony Richard.
16:49 of 3rd period - Shot Misses the Net.
17:09 of 3rd period - Leo Loof is hit by Maxwell Crozier and loses puck.
17:30 of 3rd period - Steven Lorentz is hit by Leo Loof and loses puck.
18:25 of 3rd period - Owen Sillinger is hit by Alex Goligoski and loses puck.
18:44 of 3rd period - Gage Goncalves is hit by Jimmy Vesey and loses puck.
19:36 of 3rd period - Tyson Barrie is hit by Jimmy Vesey and loses puck.
Goals for this period are 1 for Long Beach Ice Dogs vs 1 for Tucson Roadrunners.
Shots for this period are 10 for Long Beach Ice Dogs vs 3 for Tucson Roadrunners.
Back to the Top